 Dungeon Crawl Stone Soup version 0.26-a0-36-g11e0b32562 (webtiles) character file.

Game seed: 13207914113128895712, levelgen mode: deterministic

683594 DildoBatman the Petrodigitator (level 27, -13/190 HPs)
             Began as a Formicid Wizard on May 17, 2020.
             Was an Initiate of Gozag.
             Killed by dispel undead
             ... invoked by a Tzitzimitl
              (86 damage)
             ... on level 16 of a ziggurat on May 30, 2020.
             The game lasted 04:48:58 (61519 turns).

DildoBatman the Petrodigitator (Formicid Wizard)   Turns: 61519, Time: 04:48:59

Health: -13/190    AC: 37    Str: 22    XL:     27
Magic:  15/46      EV: 22    Int: 39    God:    Gozag
Gold:   13397      SH: 21    Dex: 20    Spells: 2/56 levels left

rFire    . . .     SeeInvis +   a - staff of energy
rCold    + + +     Gourm    .   q - +0 tower shield
rNeg     + + +     Faith    .   o - +4 troll leather armour {Purgy}
rPois    ∞         Spirit   .   (helmet unavailable)
rElec    +         Reflect  .   j - +1 cloak of Starlight {rElec rC+ EV+4 Stlth--}
rCorr    .         Harm     .   K - +1 pair of gloves {Dex+3}
MR       +++..                  G - +2 pair of boots
Stlth    ..........             m - amulet of Nopsumu {RegenMP +Blink rN+ Int+2}
HPRegen  0.81/turn              D - ring "Rovax" {rC++ Int+6}
MPRegen  0.55/turn              Y - ring "Nupse" {Wiz +Blink Str+6 Dex+8 Slay-5}

@: icy armour, lich-form, studying 2 skills
A: permanent stasis, dig shafts and tunnels, four strong arms, antennae 3,
molten scales 1, clever 1, high mp 1, shaggy fur 1, strong 1, no potion heal 1
}: 4/15 runes: decaying, serpentine, silver, golden
a: Dig, Shaft Self, End Transformation, Potion Petition, Call Merchant, Bribe
Branch, Renounce Religion


You were on level 16 of a ziggurat.
You worshipped Gozag.
Gozag was extremely pleased with you.
You were not hungry.
You were a lich.
You visited 10 branches of the dungeon, and saw 46 of its levels.
You visited the Abyss 1 time.
You visited 1 ziggurat, and saw 16 of its levels.
You also visited: Sewer and Volcano.

You collected 32897 gold pieces.
You spent 8363 gold pieces at shops.
You paid 11137 gold pieces to Gozag.

Inventory:

Hand Weapons
 b - the +6 great mace of the Imperium {vorpal, rN+ Dex+9}
   (You found it on level 3 of the Tomb of the Ancients)

   It inflicts extra damage upon your enemies.
   It affects your dexterity (+9).
   It protects you from negative energy.
Missiles
 s - 6 silver javelins
 T - 4 throwing nets (quivered)
Armour
 j - the +1 cloak of Starlight (worn) {rElec rC+ EV+4 Stlth--}
   (You bought it in a shop on level 2 of the Orcish Mines)

   It affects your evasion (+4).
   It protects you from cold.
   It insulates you from electricity.
   It makes you much less stealthy.
 o - a +4 troll leather armour (worn) {Purgy}
 q - a +0 tower shield (worn)
 G - a +2 pair of boots (worn)
 K - a +1 pair of gloves of dexterity (worn)
Magical Staves
 a - an uncursed staff of energy (weapon)
Jewellery
 i - the ring of Fun {Wiz Str-4 Int+8 Dex+4}
   (You found it on level 3 of the Crypt)

   [ring of wizardry]

   It improves your spell success rate.
   It affects your strength (-4).
   It affects your intelligence (+8).
   It affects your dexterity (+4).
 m - the amulet of Nopsumu (around neck) {RegenMP +Blink rN+ Int+2}
   (You bought it in a shop on level 3 of the Tomb of the Ancients)

   [amulet of magic regeneration]

   It increases your magic regeneration.
   It affects your intelligence (+2).
   It protects you from negative energy.
   It lets you blink.
 p - the ring "Ilerr" {EV+4 Dex+2}
   (You took it off an ironheart preserver on level 5 of the Vaults)

   [ring of evasion]

   It affects your evasion (+4).
   It affects your dexterity (+2).
 r - the ring "Dal Erod" {*Slow +Blink rF+ rN+ Str+9}
   (You found it on level 3 of the Tomb of the Ancients)

   [ring of positive energy]

   It affects your strength (+9).
   It protects you from fire.
   It protects you from negative energy.
   It lets you blink.
   It may slow you when you take damage.
 D - the ring "Rovax" (left hand) {rC++ Int+6}
   (You found it on level 3 of the Tomb of the Ancients)

   [ring of intelligence]

   It affects your intelligence (+6).
   It greatly protects you from cold.
 Y - the ring "Nupse" (right hand) {Wiz +Blink Str+6 Dex+8 Slay-5}
   (You took it off a deep elf high priest on level 3 of the Elven Halls)

   [ring of wizardry]

   It improves your spell success rate.
   It affects your strength (+6).
   It affects your dexterity (+8).
   It affects your accuracy and damage with ranged weapons and melee attacks
   (-5).
   It lets you blink.
Wands
 e - a wand of clouds (4)
 t - a wand of acid (27)
 J - a wand of disintegration (10)
 U - a wand of iceblast (17)
Scrolls
 c - 17 scrolls of amnesia
 d - 3 scrolls of magic mapping
 x - 30 scrolls of remove curse
 z - 35 scrolls of identify
 B - 6 scrolls of fog
 N - 15 scrolls of immolation
 R - 7 scrolls of summoning
Potions
 f - 2 potions of ambrosia
 h - 10 potions of cancellation
 l - 10 potions of stabbing
 w - 11 potions of brilliance
 E - 26 potions of heal wounds
 F - 4 potions of invisibility
 H - 3 potions of resistance
 L - 7 potions of might
 M - 4 potions of magic
 P - 26 potions of curing
 S - 3 potions of mutation
Books
 g - a manual of Throwing
 k - a manual of Throwing
 u - a manual of Dodging
 A - a manual of Throwing
Miscellaneous
 n - 10 phantom mirrors
 y - a lightning rod (4/4)
 O - 3 boxes of beasts
Comestibles
 v - 54 rations


   Skills:
 - Level 10.0 Fighting
   Level 1.7 Short Blades
 - Level 10.0 Armour
 - Level 8.0 Dodging
 - Level 2.4 Stealth
 - Level 15.0 Shields
 - Level 15.0 Spellcasting
 - Level 6.0 Conjurations
 - Level 6.0 Charms
   Level 1.0 Summonings
 - Level 19.0 Necromancy
   Level 0.8 Translocations
 - Level 19.0 Transmutations
 - Level 5.0 Fire Magic
 - Level 6.0 Ice Magic
 * Level 20.9 Air Magic
 O Level 27 Earth Magic
 - Level 12.0 Evocations


You had 2 spell levels left.
You knew the following spells:

 Your Spells              Type           Power        Failure   Level  Hunger
a - Borgnjor's Vile Clut  Necr/Erth      ########..   0%          5    N/A
b - Shatter               Erth           ########..   1%          9    N/A
c - Tornado               Air            ########..   10%         9    N/A
d - Necromutation         Tmut/Necr      ########..   1%          8    N/A
e - Chain Lightning       Conj/Air       #######...   13%         8    N/A
f - Bolt of Magma         Conj/Fire/Erth #######...   1%          5    N/A
g - Conjure Flame         Conj/Fire      ######..     1%          3    N/A
h - Ozocubu's Armour      Chrm/Ice       ######..     1%          3    N/A
i - Dispel Undead         Necr           ########     0%          4    N/A

Your spell library contained the following spells:

 Spells                   Type           Power        Failure   Level  Hunger
 Animate Skeleton         Necr           N/A          0%          1    N/A
 Beastly Appendage        Tmut           ######       0%          1    N/A
 Pain                     Necr           ####         0%          1    N/A
 Sandblast                Erth           ######       0%          1    N/A
 Shock                    Conj/Air       ####         0%          1    N/A
 Corpse Rot               Necr/Air       N/A          0%          2    N/A
 Passwall                 Tmut/Erth      ########     0%          2    N/A
 Sticks to Snakes         Tmut           ########     0%          2    N/A
 Sublimation of Blood     Necr           ########..   0%          2    N/A
 Apportation              Tloc           #####.       1%          1    N/A
 Corona                   Hex            ####...      1%          1    N/A
 Foxfire                  Conj/Fire      ####         1%          1    N/A
 Freeze                   Ice            ####         1%          1    N/A
 Magic Dart               Conj           ####         1%          1    N/A
 Sting                    Tmut/Pois      ####         1%          1    N/A
 Summon Butterflies       Summ           #####...     1%          1    N/A
 Summon Small Mammal      Summ           ####         1%          1    N/A
 Call Imp                 Summ           #####...     1%          2    N/A
 Ensorcelled Hibernation  Hex/Ice        ######       1%          2    N/A
 Poisonous Vapours        Pois/Air       ######       1%          2    N/A
 Searing Ray              Conj           ######       1%          2    N/A
 Slow                     Hex            ####....     1%          2    N/A
 Static Discharge         Conj/Air       #######.     0%          3    N/A
 Stone Arrow              Conj/Erth      ######       0%          3    N/A
 Vampiric Draining        Necr           ########..   0%          3    N/A
 Airstrike                Air            ########..   0%          4    N/A
 Animate Dead             Necr           N/A          0%          4    N/A
 Petrify                  Tmut/Erth      ########     0%          4    N/A
 Agony                    Necr           ########     0%          5    N/A
 Blade Hands              Tmut           ########..   0%          5    N/A
 Lee's Rapid Deconstruct  Erth           ########..   0%          5    N/A
 Statue Form              Tmut/Erth      ########.    0%          6    N/A
 Call Canine Familiar     Summ           #####...     1%          3    N/A
 Confusing Touch          Hex            ####....     1%          3    N/A
 Dazzling Flash           Conj/Hex       ######       1%          3    N/A
 Frozen Ramparts          Ice            ######       1%          3    N/A
 Gell's Gravitas          Tloc           #####.....   1%          3    N/A
 Ignite Poison            Fire/Tmut/Pois #######.     1%          3    N/A
 Inner Flame              Hex/Fire       #####...     1%          3    N/A
 Lesser Beckoning         Tloc           #####.....   1%          3    N/A
 Mephitic Cloud           Conj/Pois/Air  #######.     1%          3    N/A
 Portal Projectile        Hex/Tloc       ####..       1%          3    N/A
 Recall                   Summ/Tloc      N/A          1%          3    N/A
 Spider Form              Tmut/Pois      #######...   1%          3    N/A
 Summon Guardian Golem    Hex/Summ       ####....     1%          3    N/A
 Tukima's Dance           Hex            ####....     1%          3    N/A
 Fulminant Prism          Conj/Hex       ######....   1%          4    N/A
 Hailstorm                Conj/Ice       ######..     1%          4    N/A
 Ice Form                 Ice/Tmut       #######.     1%          4    N/A
 Iskenderun's Mystic Bla  Conj/Tloc      ######..     1%          4    N/A
 Leda's Liquefaction      Hex/Erth       #######...   1%          4    N/A
 Sticky Flame             Conj/Fire      ######..     1%          4    N/A
 Summon Ice Beast         Ice/Summ       ######..     1%          4    N/A
 Summon Lightning Spire   Summ/Air       #######.     1%          4    N/A
 Alistair's Intoxication  Tmut/Pois      #######.     1%          5    N/A
 Excruciating Wounds      Chrm/Necr      ########..   1%          5    N/A
 Fireball                 Conj/Fire      ######....   1%          5    N/A
 Lightning Bolt           Conj/Air       #######...   1%          5    N/A
 Silence                  Hex/Air        #######...   1%          5    N/A
 Yara's Violent Unravell  Hex/Tmut       #######...   1%          5    N/A
 Conjure Ball Lightning   Conj/Air       #######...   1%          6    N/A
 Death Channel            Necr           ########..   1%          6    N/A
 Freezing Cloud           Conj/Ice/Air   #######...   1%          6    N/A
 Iron Shot                Conj/Erth      ########..   1%          6    N/A
 Simulacrum               Ice/Necr       ########..   1%          6    N/A
 Borgnjor's Revivificati  Necr           ########..   1%          8    N/A
 Infestation              Necr           ########..   1%          8    N/A
 Cause Fear               Hex            ####......   4%          4    N/A
 Olgreb's Toxic Radiance  Pois           ####....     4%          4    N/A
 Metabolic Englaciation   Hex/Ice        ######....   4%          5    N/A
 Lehudib's Crystal Spear  Conj/Erth      ########..   4%          8    N/A
 Ozocubu's Refrigeration  Ice            ######....   6%          6    N/A
 Haunt                    Necr/Summ      ########..   7%          7    N/A
 Summon Demon             Summ           #####.....   9%          5    N/A
 Starburst                Conj/Fire      ######....   9%          6    N/A
 Summon Forest            Summ/Tloc      #####.....   10%         5    N/A
 Death's Door             Chrm/Necr      ########..   19%         8    N/A
 Ring of Flames           Chrm/Fire      ######....   38%         7    N/A
 Shadow Creatures         Summ           N/A          43%         6    N/A
 Darkness                 Hex            ####......   56%         6    N/A
 Invisibility             Hex            ####....     56%         6    N/A
 Summon Hydra             Summ           #####.....   93%         7    N/A
 Malign Gateway           Summ/Tloc      #####.....   94%         7    N/A
 Ignition                 Fire           ######....   98%         8    N/A
 Discord                  Hex            ####......   100%        8    N/A
 Absolute Zero            Ice            ######....   100%        9    N/A
 Fire Storm               Conj/Fire      ######....   100%        9    N/A
 Swiftness                Chrm/Air       Unusable     N/A         2    N/A
 Blink                    Tloc           Unusable     N/A         2    N/A

Dungeon Overview and Level Annotations

Branches:
Dungeon (15/15)            Temple (1/1) D:4            Lair (6/6) D:9
  Swamp (4/4) Lair:4        Snake (4/4) Lair:3        Slime (0/5) Lair:6
    Orc (2/2) D:9             Elf (3/3) Orc:2        Vaults (5/5) D:14
  Crypt (3/3) Vaults:3       Tomb (3/3) Crypt:3      Depths (0/5) D:15
  Sewer (visited)         Volcano (visited)

Altars:
Ashenzari
Cheibriados
Dithmenos
Elyvilon
Fedhas
Gozag
Hepliaklqana
Kikubaaqudgha
Makhleb
Nemelex Xobeh
Okawaru
Qazlal
Ru
Sif Muna
Trog
Uskayaw
Vehumet
Wu Jian
Xom
Yredelemnul
Zin
The Shining One

Shops:
D:8 [   D:9 %:!((   Orc:2 [!?(   Elf:2 !   Snake:3 (   Vaults:1 !   Vaults:4 =
Tomb:3 [=[[(:!

Annotations:
D:6 exclusion: angel


Innate Abilities, Weirdness & Mutations

You cannot be hasted, slowed, berserked, paralysed or teleported.
You can dig through walls and to a lower floor.
Your four strong arms can wield two-handed weapons with a shield.
You have a pair of large antennae on your head. (SInv)
You are partially covered in molten scales. (AC +2)
Your mind is acute. (Int +2)
You have an increased reservoir of magic. (+10% MP)
You are covered in fur. (AC +1)
Your muscles are strong. (Str +2)
Potions are less effective at restoring your health.


Message History

You feel a surge of power!
Zombie hands grab the Tzitzimitl.
The zombie hands constrict Dunn!
The zombie hands constrict the Tzitzimitl!
Dunn sneers, "Disclaim thyself, thou unhinged dread-bolted slime mould!"
Dunn hits you but does no damage.
A cacodemon comes into view.
Dunn hits you but does no damage.
The hellion hits your mature fireox beast.
The blizzard demon gestures at you.
The bolt of cold hits Dunn.
Dunn completely resists.
The bolt of cold hits you. You resist.
A cacodemon comes into view.
A monstrous blood saint comes into view.
The Tzitzimitl gestures at you.
You convulse!
You die...
Your body crumbles into a pile of gold.

..................▓
..................▓
..................▓
....2.............▓
.........62......∩▓
.........2........▓
.........21.....H.▓
..............22.H▓
..............2&L.▓
...............1..▓
..........▓▓▓▓▓▓▓▓▓
..........▓
........▓ .......
▓▓▓▓▓


You could see Dunn (clutched), a Tzitzimitl (clutched), a Brimstone Fiend, 2
cacodemons, a hell beast, a blizzard demon, a monstrous blood saint, 2 hellions
and 2 friendly mutant beasts.

Vanquished Creatures
  6 ancient liches
  Sojobo (Vaults:3)
  36 greater mummies
  3 bone dragons
  3 golden dragons
  2 profane servitors (Zig:13)
  Nikola (Snake:2)
  The ghost of Wuttagracyo the Warrior, an adept HOFi of Fedhas (Elf:1)
  2 doom hounds (Zig:7)
  A Tzitzimitl (Zig:7)
  9 liches
  3 tentacled monstrosities
  Jorgrun (Snake:1)
  Rupert (D:12)
  Asterion (Vaults:3)
  A quicksilver dragon (Vaults:4)
  4 deep elf blademasters
  4 tentacled starspawn
  5 titans
  3 deep elf master archers (Elf:3)
  13 sphinxes
  5 ancient champions
  Agnes (Snake:1)
  2 shadow dragons
  Gastronok (Lair:2)
  17 nagarajas
  8 tengu reavers
  6 storm dragons
  3 revenants
  3 fire giants
  A draconian knight (Vaults:3)
  3 frost giants
  2 iron dragons
  11 deep elf sorcerers
  Aizul (Snake:1)
  15 vault wardens
  4 angels
  7 ghost moths
  2 curse skulls
  8 deep elf elementalists
  A spriggan defender (Vaults:3)
  2 emperor scorpions
  8 very ugly things
  16 ironheart preservers
  8 war gargoyles
  8 ghouls (Crypt:1)
  2 reapers (Zig:5)
  13 stone giants
  An entropy weaver (shapeshifter) (Vaults:5)
  2 bennus (Tomb:2)
  4 entropy weavers
  6 vampire knights
  12 deep elf demonologists
  7 deep elf annihilators
  Azrael (D:13)
  The ghost of PolarisCt the Fighter, a journeyman HOFi of Yredelemnul (Lair:4)
  A crystal guardian (Vaults:3)
  2 death oozes (Swamp:4)
  8 deep elf death magi
  21 mummy priests
  9 eidola
  3 green deaths
  4 ettins
  A blizzard demon (Zig:9)
  3 jiangshi
  9 yaktaur captains
  Snorg (D:13)
  3 fire dragons
  Harold (D:9)
  3 great orbs of eyes
  11 deep elf high priests
  A hell beast (Swamp:4)
  4 ice dragons
  36 vault guards
  A quicksilver dragon skeleton (Tomb:3)
  32 naga warriors
  15 hydras
  3 ghost crabs
  Erolcha (D:12)
  A hydra (shapeshifter) (Vaults:4)
  13 centaur warriors
  A catoblepas (Lair:6)
  A shambling mangrove (Swamp:3)
  An anaconda (shapeshifter) (Vaults:5)
  10 anacondas
  47 two-headed ogres
  4 death knights
  3 deep troll shamans
  A satyr (shapeshifter) (Vaults:5)
  31 death scarabs
  14 ogre magi
  17 alligators
  4 deep troll earth magi
  11 death yaks
  2 tengu warriors
  2 vampire magi (Zig:13)
  An orc high priest (Elf:1)
  25 naga sharpshooters
  6 thrashing horrors
  A titan zombie (Zig:5)
  9 shock serpents
  3 soul eaters
  8 hell knights (Crypt:3)
  A storm dragon zombie (Crypt:3)
  27 deep elf knights
  2 shadow wraiths
  2 spatial maelstroms (Zig:12)
  45 skeletal warriors
  3 salamander mystics
  2 wretched stars (Zig:12)
  A deep troll (shapeshifter) (Zig:8)
  4 unseen horrors
  6 wizards
  A shadow demon (Zig:7)
  A sixfirhy (Abyss:4)
  7 flayed ghosts
  An orange crystal statue (Zig:9)
  4 obsidian statues
  27 deep elf archers
  A spriggan druid (Swamp:4)
  13 naga ritualists
  2 glowing orange brains (shapeshifter)
  28 starcursed masses
  A golden dragon skeleton (Tomb:3)
  16 deep trolls
  An anaconda skeleton (Crypt:3)
  A lindwurm (Lair:6)
  14 ironbrand convokers
  A shadow dragon zombie (Tomb:2)
  17 orc knights
  10 swamp dragons
  Pikel (D:6)
  8 harpies
  10 phantasmal warriors
  4 necromancers
  A harpy (shapeshifter) (Vaults:5)
  7 orb spiders
  A stone giant zombie (Crypt:3)
  6 mana vipers
  A wolf spider zombie (Crypt:1)
  4 orc sorcerers
  3 cyclopes
  10 wolf spiders
  A tengu skeleton (Zig:5)
  15 salamanders
  3 manticores
  A worldbinder (Zig:9)
  A shining eye (Zig:2)
  A shadow dragon skeleton (Crypt:3)
  13 ugly things
  72 deep elf magi
  2 frost giant zombies (Zig:3)
  4 human zombies
  2 moths of wrath
  3 oklob plants (Lair:2)
  A fire giant zombie (Tomb:2)
  5 human skeletons
  A shock serpent zombie (Crypt:3)
  A cyclops (shapeshifter) (Zig:8)
  Maurice (D:12)
  An iron dragon skeleton (Crypt:1)
  4 ice statues
  Joseph (D:7)
  Psyche (D:9)
  An elephant (shapeshifter) (Vaults:4)
  31 black mambas
  12 guardian serpents
  5 orange demons
  3 torpor snails (shapeshifter)
  3 guardian serpents (shapeshifter)
  28 elephants
  8 smoke demons
  2 molten gargoyles (Volcano)
  13 vault sentinels
  3 apocalypse crabs
  26 naga magi
  5 torpor snails
  2 stone giant skeletons
  23 spiny frogs
  A titan simulacrum (Crypt:1)
  10 gargoyles
  A rime drake (shapeshifter) (Vaults:4)
  2 death yak zombies (Lair:3)
  An eye of devastation (Lair:6)
  A shock serpent skeleton (Crypt:2)
  9 komodo dragons
  2 kobold demonologists (D:12)
  2 dire elephant skeletons (Crypt:2)
  4 efreet
  2 rime drakes (Lair:6)
  31 yaktaurs
  An emperor scorpion zombie (Crypt:2)
  A green draconian skeleton (Crypt:2)
  8 demonic crawlers
  A hydra zombie (Crypt:1)
  12 freezing wraiths
  A sea snake skeleton (Crypt:1)
  A tormentor (Zig:7)
  A meliai (shapeshifter) (Zig:14)
  9 jumping spiders
  A queen bee (shapeshifter) (Vaults:2)
  A spriggan skeleton (Zig:7)
  8 ancient zymes
  A tengu conjurer (D:14)
  48 guardian mummies
  4 red devils (Crypt:3)
  A meliai (D:14)
  8 trolls
  18 hornets
  2 death yak skeletons
  A polar bear (Lair:6)
  7 tyrant leeches
  33 slime creatures
  Prince Ribbit (D:6)
  Grinder (D:3)
  9 bog bodies
  5 hippogriffs
  8 dream sheep
  2 raiju (Zig:12)
  A guardian serpent zombie (Crypt:2)
  An ice dragon zombie (Tomb:2)
  A meliai zombie (D:15)
  2 ice dragon skeletons
  28 blink frogs
  2 fire giant simulacra
  A snapping turtle (shapeshifter) (Zig:14)
  3 hydra skeletons
  An ettin skeleton (Crypt:3)
  45 flying skulls
  5 air elementals
  7 redbacks
  10 spriggans
  Sigmund (D:6)
  3 fire dragon skeletons
  A spriggan (shapeshifter) (Elf:3)
  9 shadows
  A tarantella (shapeshifter) (Vaults:5)
  A water elemental (Elf:3)
  2 black mamba zombies (Lair:2)
  A wyvern (shapeshifter) (Elf:1)
  12 large abominations
  5 small abominations
  2 fire bats (Volcano)
  7 wyverns
  3 basilisks
  A yak (shapeshifter) (Vaults:1)
  3 fire elementals
  3 chaos spawn (Abyss:4)
  56 yaks
  A hog (shapeshifter) (Vaults:4)
  4 tarantellas
  4 black mamba skeletons
  30 ushabtiu
  10 wraiths
  A basilisk (shapeshifter) (Vaults:4)
  5 hungry ghosts
  A spriggan simulacrum (Zig:6)
  2 neqoxecs
  A steam dragon (D:9)
  33 vampire mosquitoes
  A deep troll zombie (Vaults:2)
  11 swamp worms
  9 wargs
  A swamp worm (shapeshifter) (Zig:14)
  80 nagas
  16 insubstantial wisps
  3 acid dragons
  A hydra simulacrum (Abyss:4)
  8 hell hounds
  11 water moccasins
  13 porcupines
  Duvessa (D:6)
  Purgy (Sewer)
  46 orc warriors
  2 spiny frog zombies
  8 swamp drakes
  An ettin simulacrum (Crypt:2)
  5 necrophages
  A sky beast (D:6)
  An ice beast (shapeshifter) (Vaults:5)
  4 slaves (D:6)
  5 ice beasts
  A manticore zombie (Tomb:1)
  3 black bears
  An alligator simulacrum (Crypt:2)
  An eye of draining (shapeshifter) (D:14)
  A spiny frog skeleton (Crypt:2)
  2 dream sheep zombies
  An elephant zombie (Lair:3)
  A phantom (D:10)
  An eye of draining (Lair:6)
  41 ogres
  2 elf zombies
  A snapping turtle skeleton (Crypt:2)
  A dream sheep skeleton (Lair:5)
  9 wolves
  A rime drake zombie (Lair:2)
  A lindwurm skeleton (Volcano)
  A manticore skeleton (Crypt:2)
  20 centaurs
  A blink frog skeleton (Lair:6)
  10 crocodiles
  A big kobold (shapeshifter) (Vaults:5)
  21 bullfrogs
  3 big kobolds
  A rime drake skeleton (Lair:5)
  A komodo dragon zombie (Lair:1)
  8 earth elementals
  3 elf skeletons
  2 salamander skeletons
  A cyclops zombie (Crypt:2)
  2 wyvern zombies
  A water moccasin zombie (Lair:2)
  A wyvern skeleton (Crypt:1)
  5 scorpions
  Dowan (D:6)
  6 killer bees
  3 yak zombies
  2 yak skeletons (Lair:2)
  6 howler monkeys
  19 wights
  2 electric eels (D:7)
  6 crimson imps
  2 centaur zombies
  17 orc priests
  4 lava snakes (Volcano)
  A quasit (D:7)
  2 wolf skeletons
  3 bullfrog zombies
  27 orc wizards
  A centaur skeleton (D:10)
  9 hounds
  Crazy Yiuf (D:2)
  8 jellies
  3 bullfrog skeletons
  An iron imp (Abyss:4)
  3 iguanas
  4 porcupine zombies
  A troll simulacrum (Crypt:2)
  10 worker ants
  3 porcupine skeletons
  A crocodile zombie (Crypt:1)
  An acid dragon zombie (Crypt:1)
  3 crocodile skeletons
  3 hound zombies
  2 dwarf skeletons
  A hound skeleton (D:7)
  62 mummies
  4 gnolls (D:5)
  8 adders
  A river rat (D:5)
  5 shadow imps
  4 oozes
  2 adder zombies
  2 adder skeletons
  A halfling skeleton (Crypt:2)
  4 worms
  2 worms (shapeshifter)
  3 dart slugs
  10 leopard geckos
  96 orcs
  3 ball pythons
  7 giant cockroaches
  9 goblins
  8 hobgoblins
  4 jackals
  4 quokkas
  20 bats
  9 frilled lizards
  A jackal zombie (D:8)
  19 kobolds
  A kobold skeleton (Crypt:3)
  A leopard gecko skeleton (D:4)
  An orc zombie (Crypt:2)
  16 rats
  A bush (Lair:6)
  A fungus (Lair:4)
  5 plants
  3 starspawn tentacles
  A withered plant (Crypt:3)
2699 creatures vanquished.

Vanquished Creatures (collateral kills)
  A spark wasp (Zig:15)
  A wolf spider (Vaults:1)
  A demonic crawler (Zig:15)
  A jumping spider (Zig:15)
4 creatures vanquished.

Vanquished Creatures (others)
  28 dancing weapons
  An alligator (Swamp:4)
  4 blink frogs (Swamp:4)
  2 bog bodies
  A wyvern (Zig:4)
  A wight (D:15)
  A lava snake (Volcano)
  An orc wizard (D:3)
  9 fungi
  2 lurking horrors (Abyss:4)
  15 plants
  15 starspawn tentacles
  2 withered plants (Crypt:3)
82 creatures vanquished.

Grand Total: 2785 creatures vanquished

Notes
Turn   | Place    | Note
-------+----------+-------------------------------------------
     0 | D:1      | DildoBatman the Formicid Wizard began the quest for the
                  | Orb.
     0 | D:1      | Reached XP level 1. HP: 13/13 MP: 4/4
    74 | D:1      | Reached skill level 1 in Conjurations
   199 | D:1      | Reached XP level 2. HP: 19/19 MP: 3/6
   447 | D:1      | Reached XP level 3. HP: 20/24 MP: 0/7
  1237 | D:2      | Reached XP level 4. HP: 22/30 MP: 3/8
  1403 | D:1      | Learned a level 3 spell: Conjure Flame
  1407 | D:1      | Learned a level 3 spell: Mephitic Cloud
  1587 | D:2      | Found a glowing golden altar of the Shining One.
  1641 | D:2      | Found a runed translucent door.
  1642 | D:2      | Noticed Crazy Yiuf
  1691 | D:2      | Reached XP level 5. HP: 32/35 MP: 5/9
  2976 | D:3      | Reached XP level 6. HP: 35/41 MP: 10/10
  2982 | D:3      | Reached skill level 5 in Conjurations
  3139 | D:3      | Found a hide-covered altar of Uskayaw.
  3529 | D:4      | Noticed Grinder
  3658 | D:4      | Reached skill level 1 in Fire Magic
  3776 | D:4      | Found a blossoming altar of Fedhas.
  3855 | D:5      | Entered Level 5 of the Dungeon
  3877 | D:5      | Found a glowing drain.
  3881 | Sewer    | Entered a sewer
  3937 | Sewer    | Noticed Purgy
  3971 | Sewer    | Killed Purgy
  3971 | Sewer    | Reached skill level 1 in Air Magic
  3971 | Sewer    | Reached XP level 7. HP: 40/46 MP: 11/11
  4411 | D:4      | Found a staircase to the Ecumenical Temple.
  4447 | Temple   | Entered the Ecumenical Temple
  4697 | D:4      | Found an ancient bone altar of Kikubaaqudgha.
  4773 | D:4      | Became a worshipper of Kikubaaqudgha
  5080 | D:5      | Found a white marble altar of Elyvilon.
  5351 | D:5      | Found a shattered altar of Ashenzari.
  5500 | D:5      | Reached * piety under Kikubaaqudgha
  5500 | D:5      | Identified Kikubaaqudgha's Grimoire of Black Arts
                  | (Kikubaaqudgha gifted it to you on level 5 of the Dungeon)
  5500 | D:5      | Received a gift from Kikubaaqudgha
  5525 | D:5      | Learned a level 3 spell: Vampiric Draining
  5579 | D:5      | Reached XP level 8. HP: 40/52 MP: 10/12
  5756 | D:3      | Killed Grinder
  5926 | D:2      | Killed Crazy Yiuf
  6265 | D:6      | Noticed a two-headed ogre
  6413 | D:5      | Learned a level 2 spell: Sublimation of Blood
  6714 | D:6      | Noticed Pikel
  6735 | D:6      | Killed Pikel
  6735 | D:6      | Reached skill level 5 in Fire Magic
  6735 | D:6      | Reached XP level 9. HP: 56/65 MP: 6/13
  6953 | D:6      | Noticed Sigmund
  6966 | D:6      | Killed Sigmund
  7009 | D:6      | Killed a two-headed ogre
  7009 | D:6      | Reached skill level 5 in Fighting
  7009 | D:6      | Reached skill level 5 in Armour
  7009 | D:6      | Reached skill level 5 in Air Magic
  7111 | D:6      | Noticed Prince Ribbit
  7126 | D:6      | Killed Prince Ribbit
  7126 | D:6      | Reached XP level 10. HP: 47/74 MP: 12/14
  7234 | D:6      | Found a glowing silver altar of Zin.
  7237 | D:6      | Noticed an angel
  7240 | D:6      | Found a shimmering altar of Xom.
  7373 | D:7      | Reached ** piety under Kikubaaqudgha
  7739 | D:7      | Noticed Duvessa
  7739 | D:7      | Noticed Dowan
  7771 | D:6      | Killed Dowan
  7776 | D:6      | Killed Duvessa
  7776 | D:6      | Reached skill level 5 in Necromancy
  7821 | D:7      | Noticed Joseph
  7855 | D:7      | Killed Joseph
  8542 | D:7      | Found a bloodstained altar of Trog.
  9097 | D:8      | Found Nughidonn's Armour Emporium.
  9314 | D:8      | Found a snail-covered altar of Cheibriados.
  9392 | D:8      | Reached *** piety under Kikubaaqudgha
  9392 | D:8      | Identified Kikubaaqudgha's Tome of Necromancy
                  | (Kikubaaqudgha gifted it to you on level 8 of the Dungeon)
  9392 | D:8      | Received a gift from Kikubaaqudgha
  9399 | D:8      | Learned a level 4 spell: Dispel Undead
  9436 | D:8      | Found a shadowy altar of Dithmenos.
  9504 | D:8      | Reached skill level 5 in Spellcasting
  9564 | D:8      | Found a burning altar of Makhleb.
  9873 | D:9      | Found Gaaduata's Book Emporium.
  9877 | D:9      | Found a staircase to the Orcish Mines.
  9926 | D:9      | Found Cile's Food Shop.
  9959 | D:9      | Reached XP level 11. HP: 53/79 MP: 14/20
 10157 | D:9      | Found a staircase to the Lair.
 10172 | D:9      | Noticed Harold
 10204 | D:9      | Killed Harold
 10211 | D:9      | Learned a level 5 spell: Borgnjor's Vile Clutch
 10479 | D:9      | Found Ihokit's Antique Weapon Emporium.
 10483 | D:9      | Found a basalt altar of Yredelemnul.
 10513 | D:9      | Found Anyereuf's Weapon Boutique.
 10538 | D:9      | Reached skill level 1 in Earth Magic
 10539 | D:9      | Noticed Psyche
 10570 | D:9      | Killed Psyche
 10570 | D:9      | Reached skill level 2 in Earth Magic
 10605 | D:9      | Found Jommiewe's Distillery.
 10612 | D:9      | Bought a potion of mutation for 120 gold pieces
 10720 | D:9      | Reached skill level 3 in Earth Magic
 10790 | D:10     | Entered Level 10 of the Dungeon
 10790 | D:10     | Noticed a two-headed ogre
 10896 | D:10     | Reached skill level 4 in Earth Magic
 11060 | D:10     | Killed a two-headed ogre
 11060 | D:10     | Reached skill level 5 in Earth Magic
 11257 | D:10     | Got a smoking mace
 11276 | D:10     | Reached **** piety under Kikubaaqudgha
 11279 | D:10     | Reached skill level 6 in Earth Magic
 11631 | D:10     | Found a shimmering altar of Xom.
 11672 | D:10     | Identified the +5 mace of Rantaor {vorpal, rPois rF+ rC+++
                  | Dex-4} (You found it on level 10 of the Dungeon)
 11713 | Orc:1    | Entered Level 1 of the Orcish Mines
 11713 | Orc:1    | Noticed a two-headed ogre
 11732 | Orc:1    | Noticed an orc sorcerer
 11772 | D:9      | Killed a two-headed ogre
 11772 | D:9      | Reached skill level 7 in Earth Magic
 11938 | Orc:1    | Killed an orc sorcerer
 11971 | Orc:1    | Reached skill level 8 in Earth Magic
 12421 | Orc:1    | Reached XP level 12. HP: 75/88 MP: 16/24
 12436 | Orc:1    | Reached skill level 9 in Earth Magic
 12443 | Orc:1    | Noticed a stone giant
 12453 | Orc:1    | Killed a stone giant
 12545 | Orc:1    | Reached skill level 10 in Earth Magic
 12619 | Orc:2    | Entered Level 2 of the Orcish Mines
 12766 | Orc:2    | Reached skill level 1 in Shields
 12896 | Orc:2    | Found a staircase to the Elven Halls.
 13150 | Orc:2    | Reached skill level 5 in Shields
 13300 | Orc:2    | Reached ***** piety under Kikubaaqudgha
 14205 | Orc:2    | Found Wusahu Gigi's Magic Scroll Shoppe.
 14205 | Orc:2    | Found Mimed's Distillery.
 14207 | Orc:2    | Found Foilot's Armour Boutique.
 14209 | Orc:2    | Found Dataufet's Weapon Emporium.
 14213 | Orc:2    | Bought a scroll of random uselessness for 16 gold pieces
 14215 | Orc:2    | Bought a potion of degeneration for 11 gold pieces
 14222 | Orc:2    | Bought a potion of heal wounds for 55 gold pieces
 14222 | Orc:2    | Bought a potion of magic for 88 gold pieces
 14412 | D:11     | Reached XP level 13. HP: 80/93 MP: 6/25
 14552 | D:11     | Reached skill level 10 in Shields
 14787 | D:11     | Identified the +2 hunting sling of the Orb {flame, *Drain
                  | Str+10 Int+3}
 15363 | D:12     | Noticed Erolcha
 15375 | D:12     | Killed Erolcha
 15494 | D:12     | Noticed Maurice
 15499 | D:12     | Killed Maurice
 15646 | D:12     | Noticed Rupert
 15658 | D:12     | Killed Rupert
 15662 | D:12     | Reached ****** piety under Kikubaaqudgha
 15693 | D:11     | Received a gift from Kikubaaqudgha
 15697 | D:11     | Fell from the grace of Kikubaaqudgha
 15882 | Temple   | Became a worshipper of Gozag Ym Sagoz the Greedy
 16159 | Lair:1   | Entered Level 1 of the Lair of Beasts
 16235 | Lair:1   | Noticed a seven-headed hydra
 16242 | Lair:1   | Killed a seven-headed hydra
 16432 | Lair:1   | Reached XP level 14. HP: 100/100 MP: 10/26
 16965 | Lair:1   | Reached skill level 15 in Shields
 17279 | Lair:2   | Noticed Gastronok
 17648 | Lair:2   | Killed Gastronok
 17648 | Lair:2   | Reached skill level 10 in Spellcasting
 17848 | Lair:2   | Got a translucent shortbow
 17860 | Lair:2   | Identified the +7 shortbow "Zaunylac" {freeze, rF+ SInv}
                  | (You found it on level 2 of the Lair of Beasts)
 18754 | Lair:3   | Found a staircase to the Snake Pit.
 19890 | Lair:4   | Found a dark tunnel.
 19943 | Lair:4   | Upgraded the game from 0.25-a0-1118-g1a081956a1 to
                  | 0.25-a0-1136-gc1285e62ab
 19945 | Volcano  | Entered a volcano
 20320 | Volcano  | Found a bloodstained altar of Trog.
 20343 | Volcano  | Noticed a stone giant
 20349 | Volcano  | Killed a stone giant
 20547 | Lair:4   | Gained mutation: You are somewhat resistant to further
                  | mutation. [potion of mutation]
 20904 | Lair:4   | Found a staircase to the Swamp.
 20967 | Lair:4   | Found a runed translucent gate.
 20967 | Lair:4   | Found a runed translucent gate.
 20967 | Lair:4   | Found a runed translucent gate.
 20969 | Lair:4   | Noticed PolarisCt's ghost (journeyman HOFi)
 20979 | Lair:4   | Killed PolarisCt's ghost
 20979 | Lair:4   | Reached XP level 15. HP: 96/108 MP: 13/30
 21956 | Lair:5   | Reached skill level 5 in Dodging
 22415 | Lair:6   | Entered Level 6 of the Lair of Beasts
 22482 | Lair:6   | Found a staircase to the Slime Pits.
 22567 | Lair:6   | Reached XP level 16. HP: 28/120 MP: 2/32
 23112 | Lair:6   | Reached skill level 10 in Fighting
 23160 | Lair:6   | Reached XP level 17. HP: 22/128 MP: 14/33
 23304 | Lair:6   | Was forgiven by Kikubaaqudgha
 24763 | D:13     | Noticed Snorg
 24767 | D:13     | Killed Snorg
 24767 | D:13     | Reached skill level 10 in Armour
 24793 | D:13     | Got a fine leather armour
 24804 | D:13     | Identified the +1 leather armour of the Rabble {rPois} (You
                  | found it on level 13 of the Dungeon)
 25063 | D:13     | Gained mutation: Your spells are a little harder to cast,
                  | but a little more powerful. [potion of mutation]
 25173 | D:13     | Noticed Azrael
 25185 | D:13     | Killed Azrael
 25763 | D:14     | Got a slimy emerald amulet
 25786 | D:14     | Identified the amulet "Ycobaalae" {Inacc rPois rF- Dex+8
                  | Stlth+} (You found it on level 14 of the Dungeon)
 25962 | D:14     | Found a shimmering altar of Xom.
 25963 | D:14     | Found a shimmering altar of Xom.
 26666 | D:14     | Found a gate to the Vaults.
 26706 | D:14     | Reached skill level 15 in Spellcasting
 26825 | D:15     | Entered Level 15 of the Dungeon
 27241 | D:15     | Reached skill level 11 in Earth Magic
 27249 | D:15     | Reached XP level 18. HP: 111/134 MP: 10/37
 27289 | D:15     | Reached skill level 10 in Necromancy
 27441 | D:15     | Found a staircase to the Depths.
 27974 | Orc:2    | Bought a scroll of amnesia for 56 gold pieces
 27974 | Orc:2    | Bought a scroll of identify for 32 gold pieces
 27974 | Orc:2    | Bought 3 scrolls of amnesia for 168 gold pieces
 27974 | Orc:2    | Bought a scroll of identify for 32 gold pieces
 27975 | Orc:2    | Bought a potion of curing for 33 gold pieces
 27975 | Orc:2    | Bought a potion of heal wounds for 55 gold pieces
 28003 | Orc:2    | Bought the +1 cloak of Starlight {rElec rC+ EV+4 Stlth--}
                  | for 534 gold pieces
 28003 | Orc:2    | Found the +1 cloak of Starlight {rElec rC+ EV+4 Stlth--}
 28088 | D:9      | Bought a potion of magic for 120 gold pieces
 28088 | D:9      | Bought 2 potions of magic for 240 gold pieces
 28088 | D:9      | Bought 2 potions of mutation for 240 gold pieces
 28088 | D:9      | Bought a potion of curing for 45 gold pieces
 28088 | D:9      | Bought a potion of heal wounds for 75 gold pieces
 28088 | D:9      | Bought a potion of curing for 45 gold pieces
 28088 | D:9      | Bought a potion of curing for 45 gold pieces
 28088 | D:9      | Lost mutation: You are somewhat resistant to further
                  | mutation. [potion of mutation]
 28088 | D:9      | Lost mutation: Your spells are a little harder to cast, but
                  | a little more powerful. [potion of mutation]
 28088 | D:9      | Gained mutation: You are partially covered in rugged brown
                  | scales. (AC +1, +3% HP) [potion of mutation]
 28088 | D:9      | Gained mutation: You evolve. [potion of mutation]
 28088 | D:9      | Gained mutation: Your spells are a little easier to cast,
                  | but a little less powerful. [potion of mutation]
 28088 | D:9      | Gained mutation: Your system is resistant to poisons.
                  | (rPois) [potion of mutation]
 28125 | D:9      | Bought an ivory dagger for 217 gold pieces
 28125 | D:9      | Bought a fine glaive for 356 gold pieces
 28127 | D:9      | Identified the cursed +3 glaive of Battle {vorpal, rElec
                  | rF++} (You bought it in a shop on level 9 of the Dungeon)
 28131 | D:9      | Identified the +10 dagger of Fiath {drain, Stlth+} (You
                  | bought it in a shop on level 9 of the Dungeon)
 28140 | D:9      | Identified a scroll of acquirement
 28346 | Snake:1  | Entered Level 1 of the Snake Pit
 28347 | Snake:1  | Noticed Jorgrun
 28359 | Snake:1  | Killed Jorgrun
 28389 | Snake:1  | Gained mutation: You are partially covered in slimy green
                  | scales. (AC +2) [evolution]
 28399 | Snake:1  | Noticed Agnes
 28409 | Snake:1  | Killed Agnes
 28542 | Snake:1  | Noticed Aizul
 28557 | Snake:1  | Killed Aizul
 28557 | Snake:1  | Reached skill level 12 in Earth Magic
 29197 | Snake:2  | Noticed Nikola
 29217 | Snake:2  | Killed Nikola
 29495 | Snake:2  | Reached skill level 13 in Earth Magic
 29856 | Snake:2  | Reached skill level 14 in Earth Magic
 30446 | Snake:3  | Reached XP level 19. HP: 103/144 MP: 4/38
 30519 | Snake:3  | Reached skill level 15 in Earth Magic
 30810 | Snake:3  | Reached skill level 16 in Earth Magic
 30911 | Snake:3  | Found Pyluff's Antique Weapon Emporium.
 30919 | Snake:3  | Bought an ichor-stained trident for 391 gold pieces
 30919 | Snake:3  | Bought a jewelled war axe for 391 gold pieces
 30919 | Snake:3  | Identified the cursed +1 war axe "Upiluo" {drain, Str-2
                  | Dex+6 SInv} (You bought it in a shop on level 3 of the
                  | Snake Pit)
 30922 | Snake:3  | Identified the +0 trident of Mued {venom, Fragile rN++
                  | Str+2 Stlth+} (You bought it in a shop on level 3 of the
                  | Snake Pit)
 31101 | Snake:4  | Entered Level 4 of the Snake Pit
 31667 | Snake:4  | Reached skill level 17 in Earth Magic
 32246 | Snake:4  | Reached XP level 20. HP: 149/151 MP: 16/39
 32339 | Snake:4  | Reached skill level 18 in Earth Magic
 32748 | Snake:4  | Reached skill level 15 in Necromancy
 32781 | Snake:4  | Got a serpentine rune of Zot
 33065 | Swamp:1  | Entered Level 1 of the Swamp
 34012 | Swamp:1  | Upgraded the game from 0.25-a0-1136-gc1285e62ab to
                  | 0.26-a0-28-gc929df5585
 34191 | Swamp:2  | Found a glowing golden altar of the Shining One.
 34878 | Swamp:3  | Gained mutation: You have large cloven feet. [evolution]
 35718 | Swamp:4  | Entered Level 4 of the Swamp
 35983 | Swamp:4  | Reached XP level 21. HP: 136/157 MP: 34/40
 36995 | Swamp:4  | Got a decaying rune of Zot
 37371 | D:9      | Learned a level 8 spell: Necromutation
 37387 | D:9      | Learned a level 5 spell: Lee's Rapid Deconstruction
 37651 | Vaults:1 | Entered Level 1 of the Vaults
 37679 | Vaults:1 | Reached skill level 1 in Transmutations
 37978 | Vaults:1 | Reached skill level 5 in Transmutations
 38485 | Vaults:1 | Found Qoka's Distillery.
 38561 | Vaults:1 | Bought a potion of might for 60 gold pieces
 38561 | Vaults:1 | Bought a potion of cancellation for 120 gold pieces
 38561 | Vaults:1 | Bought a potion of cancellation for 120 gold pieces
 38561 | Vaults:1 | Bought a potion of lignification for 45 gold pieces
 38561 | Vaults:1 | Bought a potion of curing for 45 gold pieces
 38561 | Vaults:1 | Bought a potion of cancellation for 120 gold pieces
 39304 | Vaults:2 | Reached skill level 10 in Transmutations
 39416 | Vaults:2 | Reached XP level 22. HP: 156/162 MP: 10/41
 40766 | Vaults:2 | Gained mutation: You are resistant to electric shocks.
                  | (rElec) [evolution]
 41002 | Vaults:3 | Gained mutation: You are dopey. (Int -2) [a neqoxec]
 41044 | Vaults:3 | Noticed Asterion
 41056 | Vaults:3 | Killed Asterion
 41296 | Vaults:3 | Noticed Sojobo
 41480 | Vaults:4 | Reached skill level 15 in Transmutations
 41870 | Vaults:4 | Reached XP level 23. HP: 153/169 MP: 16/42
 41914 | Vaults:4 | Found Koteucus's Jewellery Emporium.
 44052 | Elf:1    | Entered Level 1 of the Elven Halls
 44117 | Elf:1    | Noticed Wuttagracyo's ghost (adept HOFi)
 44118 | Elf:1    | Found a transporter.
 44146 | Elf:1    | Found a transporter.
 44811 | Elf:1    | Identified the amulet of Jorara Waor {RegenMP +Blink Str+4}
 45263 | Elf:1    | Killed Wuttagracyo's ghost
 45263 | Elf:1    | Reached XP level 24. HP: 124/177 MP: 17/42
 45322 | Elf:1    | Learned a level 9 spell: Shatter
 45549 | Elf:2    | Found a runed translucent gate.
 45549 | Elf:2    | Found a runed translucent gate.
 45550 | Elf:2    | Found a runed translucent gate.
 45614 | Elf:2    | Found Idisadeh's Distillery.
 45628 | Elf:2    | Bought a potion of heal wounds for 95 gold pieces
 45628 | Elf:2    | Bought a potion of invisibility for 152 gold pieces
 45628 | Elf:2    | Bought a potion of might for 76 gold pieces
 45628 | Elf:2    | Bought a potion of mutation for 152 gold pieces
 45628 | Elf:2    | Bought a potion of cancellation for 152 gold pieces
 45628 | Elf:2    | Bought a potion of curing for 57 gold pieces
 45628 | Elf:2    | Bought 2 potions of brilliance for 152 gold pieces
 45628 | Elf:2    | Bought a potion of stabbing for 76 gold pieces
 45628 | Elf:2    | Bought a potion of heal wounds for 95 gold pieces
 46033 | Elf:2    | Reached skill level 1 in Evocations
 46369 | Elf:3    | Entered Level 3 of the Elven Halls
 46962 | Elf:3    | Learned a level 5 spell: Bolt of Magma
 46967 | Elf:3    | Learned a level 4 spell: Leda's Liquefaction
 46993 | Elf:3    | Gained mutation: Your flesh is heat resistant. (rF+)
                  | [evolution]
 47210 | Elf:3    | Reached skill level 19 in Earth Magic
 47268 | Elf:3    | Reached skill level 5 in Evocations
 47433 | Elf:3    | Identified the +0 ring mail of Prudence {Str+3 Int+7}
 47433 | Elf:3    | Identified the ring "Nupse" {Wiz +Blink Str+6 Dex+8 Slay-5}
 47847 | Elf:3    | Identified the Reference Book on Curses and the Snowflakes
 47850 | Elf:3    | Got an iridescent great mace
 47871 | Elf:3    | Reached XP level 25. HP: 146/182 MP: 19/42
 47966 | Elf:3    | Identified the Incunabulum of the Cankerous Voyage
 48058 | Elf:3    | Identified the Papyrus of Bewitching Earth
 48064 | Elf:3    | Identified the +5 great mace "Mynkuur" {vorpal, rElec rF+}
                  | (You found it on level 3 of the Elven Halls)
 48238 | Elf:3    | Got an ichor-stained dagger
 48280 | Elf:3    | Identified the +1 dagger "Ecoasui" {vorpal, *Corrode rPois
                  | Int+6 Dex+2} (You found it on level 3 of the Elven Halls)
 49018 | Vaults:3 | Reached skill level 1 in Short Blades
 49069 | Vaults:3 | Found a staircase to the Crypt.
 49276 | Vaults:3 | Cast into level 3 of the Abyss (Sojobo)
 49285 | Abyss:4  | Found a corrupted altar of Lugonu.
 49310 | Abyss:4  | Found a shattered altar of Ashenzari.
 49393 | Abyss:4  | Found a shattered altar of Ashenzari.
 49411 | Abyss:4  | Reached skill level 20 in Earth Magic
 49799 | Abyss:5  | Entered Level 5 of the Abyss
 49840 | Vaults:3 | Escaped the Abyss
 49850 | Vaults:3 | Killed Sojobo
 49937 | Crypt:1  | Entered Level 1 of the Crypt
 50110 | Crypt:1  | Reached skill level 10 in Evocations
 50817 | Crypt:1  | You fall into a shaft and drop 1 floor!
 50901 | Crypt:2  | Reached skill level 21 in Earth Magic
 51177 | Crypt:1  | Upgraded the game from 0.26-a0-28-gc929df5585 to
                  | 0.26-a0-36-g11e0b32562
 51386 | Crypt:2  | Found a basalt altar of Yredelemnul.
 51830 | Crypt:3  | Entered Level 3 of the Crypt
 52181 | Crypt:3  | Reached XP level 26. HP: 177/189 MP: 22/42
 52239 | Crypt:3  | Got a spiked ring mail
 52250 | Crypt:3  | Identified the cursed +0 ring mail of Vewko {Int+8} (You
                  | found it on level 3 of the Crypt)
 52303 | Crypt:3  | Got an ichor-stained dagger
 52324 | Crypt:3  | Identified the +7 dagger "Ytoxeacs" {flame, rElec Str+5
                  | Dex-5 SInv} (You found it on level 3 of the Crypt)
 52570 | Crypt:3  | Identified the +10 mace of Law {drain, *Drain rPois Int+3
                  | Dex+7}
 52583 | Crypt:3  | Reached skill level 22 in Earth Magic
 52751 | Crypt:3  | Found an ancient bone altar of Kikubaaqudgha.
 52778 | Crypt:3  | Noticed an ancient lich
 52789 | Crypt:3  | Killed an ancient lich
 53215 | Crypt:3  | Found a staircase to the Tomb.
 53269 | Crypt:3  | Got a bound iron ring
 53346 | Crypt:3  | Identified the Guide on Evil Rites
 53798 | Tomb:1   | Entered Level 1 of the Tomb of the Ancients
 53806 | Tomb:1   | Identified the ring of Fun {Wiz Str-4 Int+8 Dex+4} (You
                  | found it on level 3 of the Crypt)
 53813 | Tomb:1   | Learned a level 3 spell: Ozocubu's Armour
 53890 | Tomb:1   | Reached skill level 1 in Charms
 53890 | Tomb:1   | Reached skill level 1 in Ice Magic
 54275 | Tomb:1   | Lost mutation: Your spells are a little easier to cast, but
                  | a little less powerful. [potion of mutation]
 54275 | Tomb:1   | Lost mutation: You are dopey. (Int -2) [potion of mutation]
 54275 | Tomb:1   | Lost mutation: You have large cloven feet. [potion of
                  | mutation]
 54275 | Tomb:1   | Lost mutation: Your flesh is heat resistant. (rF+) [potion
                  | of mutation]
 54275 | Tomb:1   | Gained mutation: You are frail. (-10% HP) [potion of
                  | mutation]
 54275 | Tomb:1   | Gained mutation: You are clumsy. (Dex -2) [potion of
                  | mutation]
 54275 | Tomb:1   | Gained mutation: Your muscles are strong. (Str +2) [potion
                  | of mutation]
 54275 | Tomb:1   | Gained mutation: Your mind is acute. (Int +2) [potion of
                  | mutation]
 54276 | Tomb:1   | Lost mutation: You are frail. (-10% HP) [potion of
                  | mutation]
 54276 | Tomb:1   | Lost mutation: You are clumsy. (Dex -2) [potion of
                  | mutation]
 54276 | Tomb:1   | Gained mutation: You passively map a small area around you.
                  | [potion of mutation]
 54276 | Tomb:1   | Gained mutation: You are partially covered in molten
                  | scales. (AC +2) [potion of mutation]
 54358 | Tomb:1   | Noticed a greater mummy
 54369 | Tomb:1   | Killed a greater mummy
 54386 | Tomb:1   | Noticed a greater mummy
 54395 | Tomb:1   | Noticed a greater mummy
 54397 | Tomb:1   | Killed a greater mummy
 54397 | Tomb:1   | Reached skill level 23 in Earth Magic
 54397 | Tomb:1   | Noticed a greater mummy
 54405 | Tomb:1   | Noticed a greater mummy
 54459 | Tomb:1   | Killed a greater mummy
 54462 | Tomb:1   | Killed a greater mummy
 54469 | Tomb:1   | Killed a greater mummy
 54531 | Tomb:1   | Noticed a greater mummy
 54541 | Tomb:1   | Killed a greater mummy
 54541 | Tomb:1   | Reached skill level 5 in Charms
 54541 | Tomb:1   | Reached skill level 5 in Ice Magic
 54567 | Tomb:1   | Noticed a greater mummy
 54584 | Tomb:1   | Killed a greater mummy
 54682 | Tomb:1   | Noticed a greater mummy
 54691 | Tomb:1   | Killed a greater mummy
 54705 | Tomb:1   | Noticed a greater mummy
 54714 | Tomb:1   | Killed a greater mummy
 54733 | Tomb:1   | Reached XP level 27. HP: 195/195 MP: 33/42
 55043 | Tomb:1   | Noticed a greater mummy
 55052 | Tomb:1   | Noticed a greater mummy
 55057 | Tomb:1   | Killed a greater mummy
 55058 | Tomb:1   | Killed a greater mummy
 55074 | Tomb:1   | Reached skill level 24 in Earth Magic
 55106 | Tomb:1   | Noticed a greater mummy
 55113 | Tomb:1   | Killed a greater mummy
 55153 | Tomb:1   | Noticed a greater mummy
 55168 | Tomb:1   | Killed a greater mummy
 55186 | Tomb:1   | Noticed a greater mummy
 55190 | Tomb:1   | Killed a greater mummy
 55223 | Tomb:1   | Noticed a greater mummy
 55224 | Tomb:1   | Noticed a greater mummy
 55226 | Tomb:1   | Killed a greater mummy
 55228 | Tomb:1   | Noticed a greater mummy
 55231 | Tomb:1   | Killed a greater mummy
 55240 | Tomb:1   | Killed a greater mummy
 55313 | Tomb:1   | Noticed a greater mummy
 55322 | Tomb:1   | Killed a greater mummy
 55322 | Tomb:1   | Reached skill level 25 in Earth Magic
 55378 | Tomb:1   | Noticed a greater mummy
 55379 | Tomb:1   | Noticed a greater mummy
 55379 | Tomb:1   | Noticed a greater mummy
 55380 | Tomb:1   | Noticed a greater mummy
 55383 | Tomb:1   | Killed a greater mummy
 55383 | Tomb:1   | Noticed a greater mummy
 55384 | Tomb:1   | Noticed a greater mummy
 55384 | Tomb:1   | Killed a greater mummy
 55384 | Tomb:1   | Killed a greater mummy
 55384 | Tomb:1   | Killed a greater mummy
 55386 | Tomb:1   | Noticed a greater mummy
 55399 | Tomb:1   | Killed a greater mummy
 55399 | Tomb:1   | Killed a greater mummy
 55407 | Tomb:1   | Killed a greater mummy
 55669 | Tomb:1   | Reached skill level 26 in Earth Magic
 55669 | Tomb:1   | Noticed a greater mummy
 55675 | Tomb:1   | Killed a greater mummy
 55798 | Tomb:1   | Lost mutation: Your system is resistant to poisons. (rPois)
                  | [potion of mutation]
 55798 | Tomb:1   | Lost mutation: You passively map a small area around you.
                  | [potion of mutation]
 55798 | Tomb:1   | Gained mutation: Your muscles are very strong. (Str +4)
                  | [potion of mutation]
 55799 | Tomb:1   | Lost mutation: You are partially covered in slimy green
                  | scales. (AC +2) [potion of mutation]
 55799 | Tomb:1   | Lost mutation: You are partially covered in rugged brown
                  | scales. (AC +1, +3% HP) [potion of mutation]
 55799 | Tomb:1   | Lost mutation: You are resistant to electric shocks.
                  | (rElec) [potion of mutation]
 55799 | Tomb:1   | Lost mutation: Your mind is acute. (Int +2) [potion of
                  | mutation]
 55799 | Tomb:1   | Gained mutation: You are covered in fur. (AC +1) [potion of
                  | mutation]
 55800 | Tomb:1   | Lost mutation: Your muscles are very strong. (Str +4)
                  | [potion of mutation]
 55800 | Tomb:1   | Lost mutation: You evolve. [potion of mutation]
 55800 | Tomb:1   | Lost mutation: Your muscles are strong. (Str +2) [potion of
                  | mutation]
 55800 | Tomb:1   | Gained mutation: Your muscles are strong. (Str +2) [potion
                  | of mutation]
 55800 | Tomb:1   | Gained mutation: Your mind is acute. (Int +2) [potion of
                  | mutation]
 55800 | Tomb:1   | Gained mutation: Potions are less effective at restoring
                  | your health. [potion of mutation]
 55800 | Tomb:1   | Gained mutation: You have an increased reservoir of magic.
                  | (+10% MP) [potion of mutation]
 55813 | Tomb:2   | Noticed a greater mummy
 55814 | Tomb:2   | Noticed a greater mummy
 55815 | Tomb:2   | Noticed a greater mummy
 55821 | Tomb:2   | Killed a greater mummy
 55821 | Tomb:2   | Noticed a greater mummy
 55832 | Tomb:2   | Killed a greater mummy
 55832 | Tomb:2   | Killed a greater mummy
 55843 | Tomb:2   | Killed a greater mummy
 55843 | Tomb:2   | Reached skill level 27 in Earth Magic
 56617 | Tomb:1   | Learned a level 9 spell: Tornado
 56801 | Vaults:5 | Entered Level 5 of the Vaults
 56869 | Vaults:5 | Reached skill level 10 in Air Magic
 56873 | Vaults:5 | Noticed an ancient lich
 57011 | Vaults:5 | Killed an ancient lich
 57109 | Vaults:5 | Identified the ring of Laennan {MR++ Stlth+}
 57359 | Vaults:5 | Identified the ring "Ilerr" {EV+4 Dex+2}
 57850 | Vaults:5 | Got a silver rune of Zot
 58553 | Vaults:5 | Got a twisted dagger
 58554 | Vaults:5 | Identified the +3 dagger of the Onslaught {drain, +Rage
                  | rElec rPois Int+2} (You found it on level 5 of the Vaults)
 58924 | Tomb:3   | Entered Level 3 of the Tomb of the Ancients
 58936 | Tomb:3   | Noticed a greater mummy
 58937 | Tomb:3   | Noticed a greater mummy
 58999 | Tomb:3   | Noticed an ancient lich
 59003 | Tomb:3   | Killed a greater mummy
 59005 | Tomb:3   | Killed an ancient lich
 59005 | Tomb:3   | Reached skill level 15 in Air Magic
 59005 | Tomb:3   | Noticed an ancient lich
 59007 | Tomb:3   | Killed a greater mummy
 59105 | Tomb:3   | Killed an ancient lich
 59171 | Tomb:3   | Noticed a greater mummy
 59174 | Tomb:3   | Noticed a greater mummy
 59181 | Tomb:3   | Killed a greater mummy
 59181 | Tomb:3   | Killed a greater mummy
 59281 | Tomb:3   | Noticed a greater mummy
 59285 | Tomb:3   | Killed a greater mummy
 59320 | Tomb:3   | Noticed a greater mummy
 59325 | Tomb:3   | Killed a greater mummy
 59487 | Tomb:3   | Got a thick robe
 59611 | Tomb:3   | Identified the Disquisition on Creative Air
 59643 | Tomb:3   | Identified the Incunabulum of Venomous Hexes
 59646 | Tomb:3   | Got a slimy amber ring
 59671 | Tomb:3   | Got a brightly glowing jade ring
 59733 | Tomb:3   | Got a golden rune of Zot
 59820 | Tomb:3   | Identified the cursed +1 robe of the Forsaken Stories {rN++
                  | Int+5 Dex-4} (You found it on level 3 of the Tomb of the
                  | Ancients)
 59833 | Tomb:3   | Identified the ring "Dal Erod" {*Slow +Blink rF+ rN+ Str+9}
                  | (You found it on level 3 of the Tomb of the Ancients)
 59839 | Tomb:3   | Identified the ring "Rovax" {rC++ Int+6} (You found it on
                  | level 3 of the Tomb of the Ancients)
 59865 | Tomb:3   | Got a scorched great mace
 59866 | Tomb:3   | Identified the +6 great mace of the Imperium {vorpal, rN+
                  | Dex+9} (You found it on level 3 of the Tomb of the
                  | Ancients)
 59871 | Tomb:3   | Got a scorched morningstar
 59872 | Tomb:3   | Identified the +2 morningstar "Umikeyps" {flame, +Inv rElec
                  | rPois Int-2} (You found it on level 3 of the Tomb of the
                  | Ancients)
 59988 | Tomb:3   | Bought a potion of curing for 33 gold pieces
 59988 | Tomb:3   | Bought a potion of curing for 33 gold pieces
 59988 | Tomb:3   | Bought a potion of cancellation for 88 gold pieces
 59988 | Tomb:3   | Bought a potion of heal wounds for 55 gold pieces
 59990 | Tomb:3   | Bought a book of Annihilations for 2539 gold pieces
 59998 | Tomb:3   | Bought the amulet of Nopsumu {RegenMP +Blink rN+ Int+2} for
                  | 733 gold pieces
 60018 | Zig:1    | Entered Level 1 of a ziggurat
 60048 | Zig:2    | Entered Level 2 of a ziggurat
 60110 | Zig:3    | Entered Level 3 of a ziggurat
 60151 | Zig:4    | Entered Level 4 of a ziggurat
 60186 | Zig:4    | Got a vibrating platinum ring
 60212 | Zig:5    | Entered Level 5 of a ziggurat
 60255 | Zig:5    | Learned a level 8 spell: Chain Lightning
 60261 | Zig:6    | Entered Level 6 of a ziggurat
 60326 | Zig:7    | Entered Level 7 of a ziggurat
 60387 | Zig:7    | Got a glittering golden ring
 60390 | Zig:7    | Identified Qafagg's Catalogue of the Supportive Blaze
 60429 | Zig:8    | Entered Level 8 of a ziggurat
 60487 | Zig:8    | Got a slimy broad axe
 60492 | Zig:8    | Identified the +1 broad axe "Hadwa" {vorpal, Str+2} (You
                  | found it on level 8 of a ziggurat)
 60505 | Zig:9    | Entered Level 9 of a ziggurat
 60564 | Zig:9    | Identified the Papyrus of Damaging Venom
 60613 | Zig:9    | Got a jewelled scimitar
 60619 | Zig:9    | Identified the cursed +0 scimitar of the Dwarven Hall
                  | {protect, rElec rF+} (You found it on level 9 of a
                  | ziggurat)
 60622 | Zig:9    | Identified the ring "Caxay" {Ice rElec Str+2 Dex+3 Stlth+}
                  | (You found it on level 4 of a ziggurat)
 60625 | Zig:9    | Identified the ring of Zin's Vengeance {rPois MR++ Int-3
                  | Dex+3} (You found it on level 7 of a ziggurat)
 60636 | Zig:10   | Entered Level 10 of a ziggurat
 60690 | Zig:10   | Identified the Catalogue of the Entourage
 60736 | Zig:11   | Entered Level 11 of a ziggurat
 60848 | Zig:12   | Entered Level 12 of a ziggurat
 60977 | Zig:13   | Entered Level 13 of a ziggurat
 60988 | Zig:13   | Noticed an ancient lich
 60997 | Zig:13   | Killed an ancient lich
 61045 | Zig:13   | Found the +8 demon blade "Leech" {vamp, *Rage +Rage rN+}
 61087 | Zig:13   | Identified the Almanac of Stolen Souls
 61116 | Zig:14   | Entered Level 14 of a ziggurat
 61130 | Zig:14   | Noticed an ancient lich
 61135 | Zig:14   | Killed an ancient lich
 61177 | Zig:14   | Found the brooch of Shielding {Spirit SH+8}
 61279 | Zig:15   | Entered Level 15 of a ziggurat
 61360 | Zig:15   | Found the +7 sceptre of Torment {pain, torment}
 61457 | Zig:15   | Got a glimmering flail
 61458 | Zig:15   | Identified the +2 flail of Disintegration {antimagic, +Inv
                  | rPois} (You found it on level 15 of a ziggurat)
 61491 | Zig:16   | Entered Level 16 of a ziggurat
 61501 | Zig:16   | Noticed Dunn the pandemonium lord
 61519 | Zig:16   | Killed from afar by a Tzitzimitl

Illustrated notes

Levels and vault maps discovered:
D:1:      scummos_arrival_star, layout_basic, serial_bayou_pond_a,
          minmay_misc_feat_columns
D:2:      layout_basic, lemuel_round_altar, first_ration, serial_forest,
          infiniplex_forest_clump_C, infiniplex_forest_end_2,
          infiniplex_forest_clump_curved, infiniplex_forest_straight_2,
          infiniplex_forest_side_room, infiniplex_forest_end_3,
          infiniplex_forest_side_room, infiniplex_forest_clump_large,
          infiniplex_forest_clump_tiny, infiniplex_forest_corner_1,
          minmay_tall_x, uniq_crazy_yiuf_cottage
D:3:      minmay_general_purpose_star, layout_rooms,
          nicolae_overflow_hidden_temple
D:4:      layout_basic, kennysheep_mini, minmay_temple_entry_tees, serial_glass,
          glass_columns_a, glass_columns_a, due_unseen_surprise,
          minmay_strange_pillars, item_on_display_a, fedhas_altar_4,
          uniq_grinder
D:5:      layout_gridville, elyvilon_altar_4, lemuel_crystal_altar,
          gup_sewer_entry_bowl
D:6:      layout_loops_ring, grunt_temple_overflow_order_and_chaos_1,
          uniq_sigmund, uniq_pikel, uniq_prince_ribbit1
D:7:      layout_layer_cave, kennysheep_little_box, grunt_ogre_cave,
          minivault_5, kennysheep_opposing_triangles, uniq_joseph, uniq_duvessa
D:8:      kennysheep_big_flooded_room, layout_gridville, slow_altar_1,
          makhleb_grotto_becter, grunt_dithmenos_smoke, serial_shops, shop,
          roderic_batcave
D:9:      layout_roguey, overflow_temple_1_default, erik_lair_dragon,
          orc_0_dummy, serial_shops, nicolae_shop_stone, kennysheep_mini_moat,
          shop_fountains, nicolae_shop_statue_plus, nicolae_shop_behind_doors,
          st_stairs_11, uniq_harold, uniq_psyche
D:10:     layout_cave_pools, basic_altar, kennysheep_generic_room_16
D:11:     layout_big_octagon
D:12:     layout_long_grid, uniq_erolcha, uniq_rupert, uniq_maurice
D:13:     layout_roguey, uniq_snorg, uniq_azrael
D:14:     minmay_crescents, layout_irregular_city, grunt_vaults_entry_fortified,
          chequers_jeans, xom_redecorated
D:15:     grunt_enter_depths_snipers, layout_loops_ring, kb_rosetta
Temple:   dpeg_chambers_temple
Lair:1:   layout_roguey
Lair:2:   layout_hall_layers, infiniplex_staircase_pool_2,
          minmay_lair_oklob_chamber, uniq_gastronok
Lair:3:   layout_hall_layers, minmay_snake_entry_guardpost_small, minivault_19,
          lemuel_fruit_tree
Lair:4:   wad_woods_settlement, layout_hall_layers, minmay_swamp_entry_wisps,
          nicolae_volcano_entry_lava_flow, ebering_ghost_rock_garden
Lair:5:   layout_long_grid
Lair:6:   grunt_lair_end_beastmaster, layout_gridlike, minmay_slime_entry_eyes
Swamp:1:  layout_basic_swamp, evilmike_swamp_ruin_rubble_1
Swamp:2:  layout_basic_swamp, lemuel_altar_in_water
Swamp:3:  layout_basic_swamp, evilmike_swamp_ruin_wall, swamp_pool3,
          nicolae_swamp_dense_foliage
Swamp:4:  swamp_vile, layout_basic_swamp
Snake:1:  layout_onion_interference, uniq_agnes, uniq_aizul, uniq_jorgrun
Snake:2:  layout_misc_corridors, uniq_nikola
Snake:3:  layout_rooms, serial_shops, shop, evilmike_ambush
          [evilmike_ambush_outer_corners, evilmike_ambush_inner_cross]
Snake:4:  grunt_snake_rune_spirals, layout_onion
Orc:1:    layout_diamond_mine
Orc:2:    st_orc_rangers, layout_caves, mines_bat_river
Elf:1:    eino_elf_arrival_the_gate, layout_geoelf_grid, gammafunk_ghost_arena,
          minivault_28, minmay_the_grid_square_5x5_3x3_mashed
          [minmay_the_grid_square_5x5_checkered,
          minmay_the_grid_square_5x5_comb, minmay_the_grid_square_5x5_z,
          minmay_the_grid_square_5x5_two_walls_a,
          minmay_the_grid_square_5x5_megaprize_crossed,
          minmay_the_grid_square_5x5_forky,
          minmay_the_grid_square_5x5_intrusive_squares,
          minmay_the_grid_square_5x5_eight, minmay_the_grid_square_5x5_detours]
Elf:2:    layout_loops_ring, serial_shops, shop_statue
Elf:3:    nooodl_elf_gasket, layout_loops_corners, minmay_misc_feat_rows
Vaults:1: nicolae_vaults_statue_guard, vaults_dpeg_hooks, vaults_room_octagon,
          vaults_room_grunt_arrival_checkpoint,
          nicolae_vaults_network_quinsquares
          [nicolae_vaults_network_quincunx_subvault,
          nicolae_vaults_network_quincunx_subvault,
          nicolae_vaults_network_quincunx_subvault,
          nicolae_vaults_network_quincunx_subvault],
          nicolae_vaults_circle_grid_b, v_misc_15, v_misc_31, v_misc_26,
          v_misc_3, v_rooms_4, nicolae_vaults_little_ls,
          nicolae_vaults_little_squares_3, layout_vaults_big_room, serial_shops,
          shop
Vaults:2: v_misc_12, hangedman_vaults_maws, hangedman_vaults_corner_blocks,
          v_misc_22, hangedman_vaults_locks, vaults_room_pools,
          hangedman_vaults_snaps, vaults_room_pools, v_alt_pattern_2,
          nicolae_vaults_mini_display_case, nicolae_vaults_little_squares_3,
          layout_vaults_omnicross
Vaults:3: sword_in_stone, vaults_room_pools, grunt_vaults_bifocal,
          nicolae_vaults_back_hallway, nicolae_vaults_rhombus_6, v_misc_4,
          hangedman_vaults_river_flow, v_misc_24,
          minmay_crypt_entry_simple_round, v_pattern_4,
          ontoclasm_vaults_gateway, nicolae_vaults_little_squares_3,
          vaults_dpeg_ring, layout_vaults_maze_bifur, uniq_asterion
Vaults:4: ontoclasm_vaults_misaligned, st_spiral_rooms, hangedman_vaults_trim,
          grunt_vaults_focal, vaults_room_fours, vaults_mumra_hex,
          layout_vaults_omnigrid, serial_shops, shop
Vaults:5: serial_shops
Crypt:1:  layout_chaotic_city
Crypt:2:  layout_gridlike, lemuel_mausoleum_altar_yredelemnul
Crypt:3:  quadcrypt_mu
Tomb:1
Tomb:2
Tomb:3
Zig:16

Skill      XL: |  1  2  3  4  5  6  7  8  9 10 11 12 13 14 15 16 17 18 19 20 21 22 23 24 25 26 27 |
---------------+----------------------------------------------------------------------------------+-----
Conjurations   | 1 2 3 4 5 6 |  6.0
Fire Magic     | 1 3 5 |  5.0
Air Magic      | 1 2 4 5 20 | 20.9
Fighting       | 3 5 6 7 9 10 | 10.0
Armour         | 2 5 6 8 9 10 | 10.0
Necromancy     | 3 8 9 12 13 16 17 19 | 19.0
Spellcasting   | 6 8 11 12 15 | 15.0
Earth Magic    | 8 10 11 14 17 18 19 21 23 27 | 27.0
Shields        | 9 14 15 | 15.0
Dodging        | 3 6 8 |  8.0
Transmutations | 10 15 18 19 | 19.0
Evocations     | 7 12 | 12.0
Short Blades   | 1 |  1.7
Charms         | 6 |  6.0
Ice Magic      | 6 |  6.0
Stealth        | |  2.4
Summonings     | |  1.0
Translocations | |  0.8

Action                   |  1- 3 |  4- 6 |  7- 9 | 10-12 | 13-15 | 16-18 | 19-21 | 22-24 | 25-27 || total
-------------------------+-------+-------+-------+-------+-------+-------+-------+-------+-------++-------
Melee: Unarmed           |     4 |       |       |       |       |       |       |       |       ||     4
       Club              |    18 |     2 |       |       |       |       |       |       |       ||    20
       Dagger            |       |    13 |    93 |       |       |    22 |   715 |   794 |   251 ||  1888
       Whip              |       |       |   115 |   546 |   122 |       |       |       |       ||   783
       Mace              |       |       |     6 |       |    40 |    25 |       |       |       ||    71
       Trident           |       |       |       |    67 |       |       |       |       |       ||    67
       Quarterstaff      |       |       |       |     9 |       |       |       |       |       ||     9
       Shortbow          |       |       |       |       |       |     1 |       |       |       ||     1
       Lajatang          |       |       |       |       |       |     2 |       |       |       ||     2
       Staff             |       |       |       |       |       |       |       |    11 |    42 ||    53
       Great mace        |       |       |       |       |       |       |       |       |     3 ||     3
 Fire: Hunting sling     |    16 |   103 |    13 |     8 |   265 |       |       |       |       ||   405
       Shortbow          |       |       |       |   128 |   449 |   661 |   398 |    11 |       ||  1647
 Cast: Magic Dart        |    73 |   107 |    97 |   102 |    44 |       |       |       |       ||   423
       Conjure Flame     |       |     1 |    12 |    33 |    51 |    10 |    31 |     2 |     2 ||   142
       Mephitic Cloud    |       |     3 |    15 |    74 |    50 |     8 |    14 |    19 |       ||   183
       Dispel Undead     |       |       |       |     9 |     7 |     6 |    29 |    24 |    88 ||   163
       Borgnjor's Vile C |       |       |       |    56 |   130 |   219 |   320 |   340 |   241 ||  1306
       Sublimation of Bl |       |       |       |    21 |    11 |    12 |    38 |    38 |       ||   120
       Vampiric Draining |       |       |       |     5 |     1 |    12 |       |     2 |       ||    20
       Necromutation     |       |       |       |       |       |       |       |     8 |   107 ||   115
       Bolt of Magma     |       |       |       |       |       |       |       |     6 |    14 ||    20
       Lee's Rapid Decon |       |       |       |       |       |       |       |     4 |       ||     4
       Shatter           |       |       |       |       |       |       |       |       |   302 ||   302
       Ozocubu's Armour  |       |       |       |       |       |       |       |       |    10 ||    10
       Tornado           |       |       |       |       |       |       |       |       |     3 ||     3
       Chain Lightning   |       |       |       |       |       |       |       |       |     2 ||     2
Invok: Receive Necronomi |       |       |       |       |     1 |       |       |       |       ||     1
       Renounce Religion |       |       |       |       |     1 |       |       |       |       ||     1
       Potion Petition   |       |       |       |       |       |     3 |       |     1 |     9 ||    13
       Call Merchant     |       |       |       |       |       |       |       |       |     7 ||     7
 Abil: Dig               |       |     5 |     7 |    17 |    22 |    17 |     7 |    13 |    12 ||   100
       End Transformatio |       |       |       |       |       |       |       |     1 |     6 ||     7
Evoke: Wand              |       |       |       |     3 |     1 |       |       |       |     2 ||     6
       Staff of energy   |       |       |       |       |       |       |       |    40 |  1140 ||  1180
       Box of beasts     |       |       |       |       |       |       |       |       |     6 ||     6
       Figurine of a zig |       |       |       |       |       |       |       |       |     1 ||     1
       Tin of tremorston |       |       |       |       |       |       |       |       |     1 ||     1
  Use: Potion            |     1 |     2 |       |     1 |     4 |     4 |     3 |     2 |     9 ||    26
       Scroll            |       |     6 |     2 |     2 |     6 |    11 |     5 |     3 |    13 ||    48
 Stab: Sleeping          |     1 |       |       |     1 |       |       |       |       |       ||     2
       Confused          |       |       |     3 |    20 |     3 |       |     5 |     9 |       ||    40
       Distracted        |       |       |       |       |       |       |     9 |    11 |     1 ||    21
  Eat: Chunk             |     1 |     9 |    13 |    45 |    10 |       |       |       |       ||    78
       Ration            |       |       |       |       |    14 |     9 |     9 |     9 |     7 ||    48
Armor: Robe              |     8 |    41 |       |       |       |       |       |       |       ||    49
       Troll leather arm |       |       |    67 |   214 |    87 |    96 |   147 |   131 |   339 ||  1081
Dodge: Dodged            |    26 |    92 |   129 |   418 |   190 |   318 |   656 |   468 |   642 ||  2939
Block: Tower shield      |       |       |       |       |   552 |   583 |  1025 |   838 |  1099 ||  4097

Table legend:
 A = Non-vault XP
 B = Vault XP
 C = Vault XP percentage of total XP
 D = Non-vault monster count
 E = Vault monster count
 F = Vault count percentage of total count
                 A         B        C        D         E       F
            +---------+---------+-------+---------+---------+-------
      Total |  794994 |  886681 |  52.7 |    1756 |     923 |  34.5
            +---------+---------+-------+---------+---------+-------
        D:1 |      40 |      18 |  31.0 |      23 |       2 |   8.0
        D:2 |     139 |      42 |  23.2 |      23 |       3 |  11.5
        D:3 |     141 |     290 |  67.3 |      35 |       6 |  14.6
        D:4 |     167 |       0 |   0.0 |      12 |       0 |   0.0
        D:5 |     449 |      20 |   4.3 |      18 |       5 |  21.7
        D:6 |    1655 |    2944 |  64.0 |      18 |       6 |  25.0
        D:7 |    1014 |     612 |  37.6 |      21 |       3 |  12.5
        D:8 |    1183 |     166 |  12.3 |      19 |      12 |  38.7
        D:9 |    1482 |    2881 |  66.0 |      16 |      10 |  38.5
       D:10 |    2313 |      36 |   1.5 |      30 |       1 |   3.2
       D:11 |    7210 |       0 |   0.0 |      43 |       0 |   0.0
       D:12 |    4424 |    4230 |  48.9 |      45 |       3 |   6.2
       D:13 |    7050 |    3467 |  33.0 |      26 |      10 |  27.8
       D:14 |    6866 |   14637 |  68.1 |      22 |      27 |  55.1
       D:15 |   14742 |    4477 |  23.3 |      36 |       7 |  16.3
     Lair:1 |    9746 |       0 |   0.0 |      36 |       0 |   0.0
     Lair:2 |    3026 |    4193 |  58.1 |      18 |       5 |  21.7
     Lair:3 |    4165 |     649 |  13.5 |      20 |       4 |  16.7
     Lair:4 |    6276 |    3406 |  35.2 |      19 |      14 |  42.4
     Lair:5 |   13735 |       0 |   0.0 |      43 |       0 |   0.0
     Lair:6 |   17113 |   10283 |  37.5 |      52 |      21 |  28.8
    Swamp:1 |   13012 |       0 |   0.0 |      31 |       0 |   0.0
    Swamp:2 |    7946 |       0 |   0.0 |      19 |       0 |   0.0
    Swamp:3 |   13114 |       0 |   0.0 |      37 |       0 |   0.0
    Swamp:4 |   17010 |   21336 |  55.6 |      55 |      32 |  36.8
    Snake:1 |    3914 |    6733 |  63.2 |      10 |       3 |  23.1
    Snake:2 |   25572 |   15662 |  38.0 |      48 |      18 |  27.3
    Snake:3 |   21833 |    1740 |   7.4 |      38 |       3 |   7.3
    Snake:4 |   25997 |   59183 |  69.5 |      42 |      90 |  68.2
      Orc:1 |    4719 |       0 |   0.0 |      31 |       0 |   0.0
      Orc:2 |    2008 |    5166 |  72.0 |      20 |      44 |  68.8
      Elf:1 |   23634 |   26343 |  52.7 |      42 |      40 |  48.8
      Elf:2 |    8951 |   22008 |  71.1 |      15 |      27 |  64.3
      Elf:3 |   10898 |   70069 |  86.5 |      18 |      47 |  72.3
   Vaults:1 |   19803 |   19311 |  49.4 |      32 |      29 |  47.5
   Vaults:2 |   39692 |   21178 |  34.8 |      62 |      31 |  33.3
   Vaults:3 |   32311 |   21105 |  39.5 |      56 |      14 |  20.0
   Vaults:4 |   54449 |   28739 |  34.5 |      66 |      29 |  30.5
   Vaults:5 |   36689 |  121315 |  76.8 |      69 |      85 |  55.2
    Crypt:1 |   42603 |       0 |   0.0 |      57 |       0 |   0.0
    Crypt:2 |   20813 |     613 |   2.9 |      37 |      12 |  24.5
    Crypt:3 |       0 |   62033 | 100.0 |       0 |      81 | 100.0
     Tomb:1 |    2869 |  205183 |  98.6 |      17 |      68 |  80.0
     Tomb:2 |   21116 |   42884 |  67.0 |      49 |      49 |  50.0
     Tomb:3 |   17004 |   74329 |  81.4 |      49 |      51 |  51.0
    Abyss:4 |   17248 |       0 |   0.0 |      48 |       0 |   0.0
      Zig:1 |     798 |       0 |   0.0 |       3 |       0 |   0.0
      Zig:2 |    1085 |    2232 |  67.3 |       3 |       4 |  57.1
      Zig:3 |    1302 |       0 |   0.0 |       3 |       0 |   0.0
      Zig:4 |    7029 |       0 |   0.0 |       5 |       0 |   0.0
      Zig:5 |    4582 |       0 |   0.0 |       6 |       0 |   0.0
      Zig:6 |    4318 |       0 |   0.0 |      14 |       0 |   0.0
      Zig:7 |   20981 |       0 |   0.0 |      15 |       0 |   0.0
      Zig:8 |   10646 |       0 |   0.0 |      13 |       0 |   0.0
      Zig:9 |   13941 |    2249 |  13.9 |      16 |       4 |  20.0
     Zig:10 |   14310 |       0 |   0.0 |      23 |       0 |   0.0
     Zig:11 |   12674 |       0 |   0.0 |      22 |       0 |   0.0
     Zig:12 |   14932 |       0 |   0.0 |      28 |       0 |   0.0
     Zig:13 |   39575 |       0 |   0.0 |      20 |       0 |   0.0
     Zig:14 |   37197 |       0 |   0.0 |      24 |       0 |   0.0
     Zig:15 |   25483 |       0 |   0.0 |      38 |       0 |   0.0
      Sewer |       0 |     145 | 100.0 |       0 |       8 | 100.0
    Volcano |       0 |    4774 | 100.0 |       0 |      15 | 100.0
            +---------+---------+-------+---------+---------+-------
